 Dungeon Crawl Stone Soup version 0.25.0-9-g26727b657a (webtiles) character file.

Game seed: 17187287161752123077

12730 Dirian the Carver (level 11, -4/145 HPs)
             Began as a Minotaur Fighter on June 16, 2020.
             Was a High Priest of Trog.
             Killed from afar by a ynoxinul (18 damage)
             ... with an iron shot
             ... on level 1 of the Abyss.
             The game lasted 00:20:26 (9271 turns).

Dirian the Carver (Minotaur Fighter)                Turns: 9271, Time: 00:20:26

Health: -4/145     AC: 13    Str: 24    XL:     11   Next: 66%
Magic:  9/11       EV:  9    Int:  5    God:    Trog [*****.]
Gold:   764        SH: 18    Dex: 10    Spells: 10/10 levels left

rFire    + + .     SeeInvis .   y - +5 scimitar
rCold    . . .     Gourm    .   c - +1 kite shield
rNeg     . . .     Faith    .   p - +3 scale mail {rF+}
rPois    +         Spirit   .   (helmet restricted)
rElec    .         Reflect  +   b - +0 cloak
rCorr    .         Harm     .   m - +0 pair of gloves
MR       ++...                  f - +0 pair of boots
Stlth    ..........             E - amulet of reflection
HPRegen  1.00/turn              g - ring of protection from fire
MPRegen  0.12/turn              o - ring of poison resistance

@: berserking (expiring), recuperating, diseased, very quick
A: retaliatory headbutt, horns 2, [deformed body], [low mp 1]
a: Berserk, Trog's Hand, Brothers in Arms, Renounce Religion


You were on level 1 of the Abyss.
You worshipped Trog.
Trog was extremely pleased with you.
You were near starving.

You visited 1 branch of the dungeon, and saw 10 of its levels.
You visited the Abyss 2 times.
You also visited: Sewer.

You collected 764 gold pieces.

Inventory:

Hand Weapons
 y - a +5 scimitar (weapon)
 D - a +3 falchion of flaming
Armour
 b - a +0 cloak (worn)
 c - a +1 kite shield (worn)
 f - a +0 pair of boots (worn)
 m - a +0 pair of gloves (worn)
 p - a +3 scale mail of fire resistance (worn)
Jewellery
 g - a ring of protection from fire (left hand)
 i - an uncursed ring of ice
 o - a ring of poison resistance (right hand)
 C - an uncursed amulet of the acrobat
 E - an amulet of reflection (around neck)
Wands
 k - a wand of acid (16)
 u - a wand of clouds (9)
Scrolls
 t - 5 scrolls of teleportation
 x - a scroll of remove curse
 z - 2 scrolls of blinking
 A - 2 scrolls of enchant armour
 B - 2 scrolls of magic mapping
Potions
 a - a potion of invisibility
 d - a potion of might
 h - 2 potions of brilliance {unknown}
 j - a potion of flight
 l - a potion of magic
 n - a potion of resistance
 q - 5 potions of curing
 r - a potion of mutation {unknown}
 s - a potion of lignification
 v - a potion of cancellation {unknown}
 w - a potion of heal wounds
 F - 2 potions of ambrosia {unknown}
Comestibles
 e - 32 rations


   Skills:
 + Level 9.1 Fighting
 + Level 14.7 Long Blades
 + Level 9.9 Armour
 + Level 10.7 Shields
 * Level 3.2 Evocations


You had 10 spell levels left.
You didn't know any spells.
Your spell library was empty.

Dungeon Overview and Level Annotations

Branches:
Dungeon (10/15)            Temple (0/1) D:4             Orc (0/2) D:10
  Sewer (visited)
   Lair: D:8-11

Altars:
Ashenzari
Dithmenos
Elyvilon
Fedhas
Gozag
Hepliaklqana
Makhleb
Nemelex Xobeh
Okawaru
Trog
Uskayaw
Vehumet
Xom
Zin
Beogh

Shops:
D:6 *(:

Annotations:
D:5 2 transporters but osef
D:10 , 2 transporters, Rayvis's ghost, journeyman DsGl
Abyss:1 JEU DE MERDEUH JE SUIS LVL11 BORDELEUH


Innate Abilities, Weirdness & Mutations

You reflexively headbutt those who attack you in melee.
You have a pair of horns on your head.
[Armour fits poorly on your strangely shaped body.]
[Your magical capacity is low. (-10% MP)]


Message History

Trog accepts your kill.
You feel the corruption within you wane somewhat.
You feel more energetic.
Your Fighting skill increases to level 9!
Your Evocations skill increases to level 3!
You block the tentacled starspawn's attack.
The tentacled starspawn engulfs you.
* * * LOW HITPOINT WARNING * * *
You barely miss the tentacled starspawn.
Your headbutt misses the tentacled starspawn.
The tentacled starspawn is lightly damaged.
You slash the tentacled starspawn!
Your headbutt misses the tentacled starspawn.
The tentacled starspawn is lightly damaged.
You block the tentacled starspawn's attack. x2
You slice the tentacled starspawn!! You headbutt the tentacled starspawn!
The tentacled starspawn is heavily damaged.
The ynoxinul gestures at you. The iron shot hits you!!
You die...

. ##.##
#.....####
#...##@X##
#.. ###3$#
..##©##xXx.#
...# # X.###
# ..* 53##
##. **## #.
5X # w . #.


X© 5 You could see a tentacled starspawn, an ancient zyme and a ynoxinul.

Vanquished Creatures
  A tentacled monstrosity (Abyss:1)
  Harold (D:10)
  A hydra (D:8)
  2 two-headed ogres
  Pikel (D:7)
  A worldbinder (Abyss:1)
  A shock serpent skeleton (Abyss:1)
  A hippogriff (D:8)
  2 dream sheep (D:8)
  A large abomination (Abyss:1)
  A wraith (D:10)
  2 yaks (D:8)
  A wyvern (D:9)
  Grum (D:8)
  Eustachio (D:6)
  2 hungry ghosts
  Duvessa (D:6)
  A water moccasin (D:10)
  An ice beast (D:9)
  4 sky beasts
  3 ogres
  A necrophage (D:9)
  4 phantoms
  3 wolves (D:8)
  6 centaurs
  A crocodile (Sewer)
  4 bullfrogs
  5 big kobolds
  A gnoll sergeant (D:9)
  Dowan (D:6)
  A troll zombie (D:10)
  2 scorpions
  11 wights
  A howler monkey (D:8)
  2 centaur zombies
  4 crimson imps
  4 quasits
  6 jellies
  2 orc priests
  6 hounds
  A gnoll shaman (D:7)
  4 orc wizards
  3 bullfrog skeletons
  Terence (D:2)
  3 iguanas
  6 worker ants
  7 ogre zombies (D:10)
  A hound skeleton (D:6)
  2 worker ant zombies
  11 gnolls
  A river rat (D:6)
  10 adders
  A shadow imp (D:7)
  2 oozes
  An adder skeleton (D:7)
  2 worms (D:2)
  3 dart slugs
  8 leopard geckos
  10 orcs
  7 giant cockroaches
  7 goblins
  3 hobgoblins
  6 jackals
  5 quokkas
  2 ball pythons
  10 bats
  3 frilled lizards
  3 goblin zombies (D:10)
  A hobgoblin skeleton (D:10)
  4 hobgoblin zombies (D:10)
  14 kobolds
  A leopard gecko skeleton (D:9)
  A leopard gecko zombie (D:7)
  3 orc skeletons (D:10)
  14 orc zombies (D:10)
  A quokka skeleton (D:4)
  8 rats
265 creatures vanquished.

Vanquished Creatures (others)
  A fungus (D:10)
  A lurking horror (Abyss:1)
  3 plants (D:10)
  4 starspawn tentacles (Abyss:1)
9 creatures vanquished.

Grand Total: 274 creatures vanquished

Notes
Turn   | Place    | Note
-------+----------+-------------------------------------------
     0 | D:1      | Dirian the Minotaur Fighter began the quest for the Orb.
     0 | D:1      | Reached XP level 1. HP: 19/19 MP: 0/0
   135 | D:1      | Reached XP level 2. HP: 26/27 MP: 1/1
   354 | D:1      | Reached skill level 3 in Long Blades
   654 | D:2      | Reached XP level 3. HP: 33/33 MP: 2/2
   692 | D:2      | Noticed Terence
   718 | D:2      | Killed Terence
   718 | D:2      | Reached XP level 4. HP: 3/40 MP: 3/3
   718 | D:2      | HP: 2/40 [worm (1)]
   839 | D:2      | Reached skill level 4 in Long Blades
   924 | D:2      | Found a bloodstained altar of Trog.
  1000 | D:2      | Found a shattered altar of Ashenzari.
  1330 | D:3      | Reached XP level 5. HP: 42/46 MP: 4/4
  1554 | D:3      | Reached skill level 5 in Long Blades
  2102 | D:2      | Became a worshipper of Trog the Wrathful
  2266 | D:4      | Found a burning altar of Makhleb.
  2268 | D:4      | Reached skill level 5 in Shields
  2268 | D:4      | Reached XP level 6. HP: 53/53 MP: 5/5
  2330 | D:4      | Found a staircase to the Ecumenical Temple.
  2435 | D:4      | Noticed a sky beast
  2448 | D:4      | Killed a sky beast
  2448 | D:4      | Reached skill level 6 in Long Blades
  2448 | D:4      | Reached skill level 5 in Armour
  2675 | D:4      | Found a radiant altar of Vehumet.
  2830 | D:5      | Entered Level 5 of the Dungeon
  2888 | D:5      | Reached skill level 7 in Long Blades
  2888 | D:5      | Reached XP level 7. HP: 50/60 MP: 6/6
  2987 | D:5      | Reached skill level 8 in Long Blades
  3079 | D:5      | Found a shadowy altar of Dithmenos.
  3081 | D:5      | Found a blossoming altar of Fedhas.
  3166 | D:5      | Found a sand-covered staircase.
  3180 | D:5      | Found a transporter.
  3266 | D:5      | Reached skill level 5 in Fighting
  3266 | D:5      | Reached XP level 8. HP: 52/68 MP: 7/7
  3312 | D:5      | You fall into a shaft and drop 1 floor!
  3312 | D:6      | Found a white marble altar of Elyvilon.
  3336 | D:6      | Got a distressingly furry ring mail
  3368 | D:6      | Found a shimmering altar of Xom.
  3369 | D:6      | Noticed an angel
  3370 | D:6      | Found a glowing silver altar of Zin.
  3385 | D:6      | Found Ifel's General Store.
  3418 | D:6      | Reached skill level 9 in Long Blades
  3423 | D:6      | Noticed Eustachio
  3468 | D:6      | Killed Eustachio
  3468 | D:6      | Reached * piety under Trog
  3585 | D:6      | Found a glowing drain.
  3593 | Sewer    | Entered a sewer
  4216 | D:6      | Reached skill level 10 in Long Blades
  4432 | D:6      | Noticed Duvessa
  4433 | D:6      | Noticed Dowan
  4435 | D:6      | Reached XP level 9. HP: 74/74 MP: 8/8
  4439 | D:6      | Killed Duvessa
  4443 | D:6      | Killed Dowan
  4443 | D:6      | Reached ** piety under Trog
  4580 | D:6      | Found Sorynun's Weapon Emporium.
  4686 | D:6      | Found Baqusog's Book Shoppe.
  4891 | D:6      | Found an iron altar of Okawaru.
  4892 | D:6      | Found a hazy altar of Hepliaklqana.
  5434 | D:5      | Found a transporter.
  5782 | D:7      | Reached skill level 11 in Long Blades
  5919 | D:7      | Cast into level 1 of the Abyss (gnoll)
  5998 | Abyss:1  | Noticed a spatial maelstrom
  6037 | Abyss:2  | Found a corrupted altar of Lugonu.
  6077 | D:7      | Escaped the Abyss
  6378 | D:7      | Noticed Pikel
  6383 | D:7      | Killed Pikel
  6383 | D:7      | Reached skill level 12 in Long Blades
  6440 | D:7      | Identified the +1 ring mail of the Hidden Vale {Harm rN+}
                  | (You found it on level 6 of the Dungeon)
  6609 | D:8      | Found a sparkling altar of Nemelex Xobeh.
  6634 | D:8      | Noticed Grum
  6639 | D:8      | Reached XP level 10. HP: 79/84 MP: 9/9
  6643 | D:8      | Killed Grum
  6855 | D:8      | Noticed a +0 dagger
  6857 | D:8      | Noticed a +0 hand axe
  6862 | D:8      | Found a hide-covered altar of Uskayaw.
  7029 | D:8      | Reached skill level 13 in Long Blades
  7081 | D:8      | Reached *** piety under Trog
  7094 | D:8      | Noticed a three-headed hydra
  7102 | D:8      | Killed a one-headed hydra
  7372 | D:9      | Noticed a two-headed ogre
  7386 | D:9      | Killed a two-headed ogre
  7386 | D:9      | Reached skill level 14 in Long Blades
  7942 | D:9      | Reached XP level 11. HP: 92/92 MP: 10/10
  8051 | D:9      | Reached **** piety under Trog
  8207 | D:9      | Found an opulent altar of Gozag.
  8347 | D:10     | Entered Level 10 of the Dungeon
  8356 | D:10     | Reached skill level 1 in Evocations
  8399 | D:10     | Noticed an orc sorcerer
  8476 | D:10     | Found a staircase to the Orcish Mines.
  8725 | D:10     | Reached ***** piety under Trog
  8776 | D:10     | Found a runed translucent gate.
  8776 | D:10     | Found a runed translucent gate.
  8776 | D:10     | Found a runed translucent gate.
  8778 | D:10     | Noticed Rayvis's ghost (journeyman DsGl)
  8840 | D:10     | Noticed Harold
  8853 | D:10     | Killed Harold
  9048 | D:10     | Noticed a two-headed ogre
  9056 | D:10     | Killed a two-headed ogre
  9056 | D:10     | Reached skill level 10 in Shields
  9156 | D:10     | Found a transporter.
  9157 | D:10     | Noticed an orc sorcerer
  9159 | D:10     | Found a roughly hewn altar of Beogh.
  9159 | D:10     | Found a transporter.
  9240 | D:10     | Cast into level 1 of the Abyss (big kobold)
  9240 | Abyss:1  | Found a transporter.
  9240 | Abyss:1  | Found a corrupted altar of Lugonu.
  9241 | Abyss:1  | Noticed a tentacled starspawn
  9241 | Abyss:1  | Noticed a shining eye
  9241 | Abyss:1  | Noticed an anaconda
  9241 | Abyss:1  | Noticed a wretched star
  9241 | Abyss:1  | Noticed a wretched star
  9241 | Abyss:1  | Noticed a tentacled starspawn
  9242 | Abyss:1  | Noticed a tentacled monstrosity
  9242 | Abyss:1  | Noticed a tentacled monstrosity
  9242 | Abyss:1  | Noticed an emperor scorpion
  9242 | Abyss:1  | an anaconda changed into an emperor scorpion
  9243 | Abyss:1  | Noticed an entropy weaver
  9243 | Abyss:1  | an emperor scorpion changed into an entropy weaver
  9243 | Abyss:1  | Noticed a wretched star
  9245 | Abyss:1  | Noticed an emperor scorpion
  9245 | Abyss:1  | an entropy weaver changed into an emperor scorpion
  9246 | Abyss:1  | Noticed a dire elephant
  9246 | Abyss:1  | an emperor scorpion changed into a dire elephant
  9246 | Abyss:1  | Noticed a tentacled starspawn
  9251 | Abyss:1  | Noticed a mana viper
  9268 | Abyss:1  | Killed a tentacled monstrosity
  9271 | Abyss:1  | Killed from afar by a ynoxinul

Illustrated notes

Levels and vault maps discovered:
D:1:      lordsloth_arrival_two_stooges, layout_basic
D:2:      layout_rooms, lemuel_doored_altar, lightli_temple_of_fire,
          nrook_mini_backslash, uniq_terence
D:3:      layout_rooms
D:4:      layout_rooms, makhleb_heckhound_becter, vehumet_crystals,
          minmay_temple_entry_antechambers, first_ration
D:5:      gammafunk_steamed_eel, layout_basic,
          chequers_temple_overflow_statue_of_worship,
          nicolae_ossuary_entry_monument
D:6:      layout_basic, grunt_temple_overflow_order_and_chaos_1,
          elyvilon_altar_5, minitemple, gup_sewer_entry_bubbles, serial_shops,
          shop, kennysheep_little_box, shop, uniq_eustachio, uniq_menkaure,
          uniq_duvessa
D:7:      layout_gridville, uniq_pikel
D:8:      layout_cave_pools, nemelex_xobeh_ov_fountains_minmay,
          dancing_weapons_uskayaw, hangedman_ranch [blue_anna_fruit_fields],
          uniq_grum
D:9:      layout_long_grid, nicolae_gozag_cash_rules_everything_around_me
D:10:     gammafunk_beogh_shrine, layout_rooms, zombieorc2_lemuel,
          gammafunk_ghost_nasty_kobolds, uniq_harold
Abyss:1:  base: D:3, evilmike_abyss_exit_16, hangedman_abyss_shoalhut, base:
          D:2, gammafunk_corrupted_shrine

Skill      XL: |  1  2  3  4  5  6  7  8  9 10 11 |
---------------+----------------------------------+-----
Fighting       | 4 5 6 7 9 |  9.1
Shields        | 4 5 6 7 9 10 | 10.7
Long Blades    | 3 4 5 7 8 10 12 14 | 14.7
Armour         | 4 5 6 7 8 9 |  9.9
Evocations     | 3 |  3.2

Action                   |  1- 3 |  4- 6 |  7- 9 | 10-12 || total
-------------------------+-------+-------+-------+-------++-------
Melee: Long sword        |    79 |   168 |   192 |       ||   439
       Headbutt          |    10 |    31 |    72 |    75 ||   188
       Scimitar          |       |       |   120 |   313 ||   433
       Falchion          |       |       |       |     6 ||     6
Invok: Berserk           |       |       |     2 |     2 ||     4
       Trog's Hand       |       |       |       |     2 ||     2
  Use: Potion            |     1 |     1 |     1 |       ||     3
       Scroll            |       |    10 |     9 |     2 ||    21
  Eat: Chunk             |       |     7 |    10 |     8 ||    25
       Ration            |       |       |     1 |     1 ||     2
Armor: Scale mail        |    52 |    69 |   116 |   110 ||   347
Dodge: Dodged            |    36 |    52 |    70 |    83 ||   241
Block: Kite shield       |    62 |    88 |   149 |   197 ||   496
       Reflection        |       |       |       |     2 ||     2
       Rpst.: Long sword |     8 |    11 |    10 |       ||    29
       Scimitar          |       |       |     9 |    16 ||    25
       Falchion          |       |       |       |     1 ||     1
